 Dungeon Crawl Stone Soup version 0.19-a0-1879-gd95bc26 (webtiles) character file.

80 GsBirdie the Chopper (level 4, -10/39 HPs)
             Began as a Minotaur Berserker on Oct 14, 2016.
             Was a Believer of Trog.
             Killed by divine providence
             ... invoked by an orc priest
              (15 damage)
             ... on level 3 of the Dungeon.
             The game lasted 00:04:12 (1932 turns).

GsBirdie the Chopper (Minotaur Berserker)           Turns: 1932, Time: 00:04:12

Health: -10/39     AC:  3    Str: 21    XL:     4   Next: 18%
Magic:  3/3        EV: 12    Int:  4    God:    Trog [**....]
Gold:   166        SH:  0    Dex: 11    Spells: 0 memorised, 3 levels left

rFire  . . .     SeeInvis .     a - +0 hand axe
rCold  . . .     Gourm    .     b - +0 animal skin
rNeg   . . .     Faith    .     (no shield)
rPois  .         Spirit   .     (helmet restricted)
rElec  .         Dismiss  .     (no cloak)
rCorr  +         Reflect  .     (no gloves)
MR     .....     Harm     .     g - +0 pair of boots (curse)
Stlth  +.........               (no amulet)
                                (no ring)
                                d - ring of resist corrosion

@: no status effects
A: retaliatory headbutt, horns 2
a: Berserk, Trog's Hand, Burn Spellbooks, Renounce Religion


You were on level 3 of the Dungeon.
You worshipped Trog.
Trog was pleased with you.
You were very hungry.

You visited 1 branch of the dungeon, and saw 3 of its levels.

You collected 166 gold pieces.

Inventory:

Hand Weapons
 a - a +0 hand axe (weapon)
Armour
 b - a +0 animal skin (worn)
 g - a cursed +0 pair of boots (worn)
 s - a +0 chain mail
Jewellery
 d - a ring of resist corrosion (left hand)
Scrolls
 e - 4 scrolls of identify {unknown}
 f - a scroll of blinking {unknown}
 h - a scroll of fog {unknown}
 j - a scroll of enchant weapon {unknown}
 k - a scroll of enchant armour {unknown}
 m - 2 scrolls of remove curse {unknown}
 q - 2 scrolls of teleportation {unknown}
Potions
 i - 2 potions of brilliance {unknown}
 l - a potion of cure mutation {unknown}
 p - a potion of ambrosia {unknown}
Comestibles
 c - 2 bread rations
 n - 2 meat rations
 o - 2 slices of pizza
 r - a beef jerky


   Skills:
 - Level 3.6 Fighting
 * Level 6.1 Axes
 - Level 2.4 Armour
 - Level 2.1 Dodging


You had 3 spell levels left.
You didn't know any spells.

Dungeon Overview and Level Annotations

Branches:
Dungeon (3/15)

Altars:


Innate Abilities, Weirdness & Mutations

You reflexively headbutt those who attack you in melee.
You have a pair of horns on your head.


Message History

The orc hits you with a club.
The orc priest mumbles some strange prayers to Beogh against you.
Beogh smites you!
You closely miss the orc.
The orc is heavily wounded.
The orc closely misses you.
The orc priest looks braver for a moment.
You slash the orc!
You kill the orc!
Trog accepts your kill.
You hit the orc but do no damage. The orc closely misses you.
You hit the orc.
The orc is moderately wounded.
The orc barely misses you. You furiously retaliate!
You headbutt the orc.
The orc priest calls down the wrath of Beogh upon you.
Beogh smites you!
* * * LOW HITPOINT WARNING * * *
The orc priest mumbles some strange prayers to Beogh against you.
Beogh smites you!
You die...

.....##.## .........###
.....#)#...####
........##.....
......#..#####.##
...o.o##.## ..#######.
.o.o..##..## #........#
..o...###oo####........#
.....## ##oo.oo.@......#
o.....# #######.......#
o.$...# #.......#
o.....# #.......#
.o....# #.......#
#########


You could see an orc priest and 5 orcs.

Vanquished Creatures
  3 adders (D:2)
  A dart slug (D:2)
  A leopard gecko (D:1)
  4 orcs (D:3)
  2 ball pythons (D:2)
  2 bats
  2 giant cockroaches (D:1)
  A goblin (D:2)
  5 hobgoblins
  6 jackals
  5 kobolds
  4 frilled lizards
  11 rats
47 creatures vanquished.

Notes
Turn   | Place    | Note
-------+----------+-------------------------------------------
     0 | D:1      | GsBirdie the Minotaur Berserker began the quest for the Orb.
     0 | D:1      | Reached XP level 1. HP: 19/19 MP: 0/0
   220 | D:1      | Reached skill level 4 in Axes
   269 | D:1      | Reached XP level 2. HP: 26/26 MP: 1/1
  1041 | D:2      | Reached skill level 5 in Axes
  1041 | D:2      | Reached XP level 3. HP: 31/31 MP: 2/2
  1203 | D:2      | Reached ** piety under Trog
  1714 | D:2      | Reached XP level 4. HP: 23/39 MP: 3/3
  1909 | D:3      | Reached skill level 6 in Axes
  1932 | D:3      | Killed from afar by an orc priest

Vault maps used:
D:1:      sevenhm_arrival_forest_fort_small_3
D:2:      minmay_misc_feat_secret_circle
D:3:      grunt_gozag_statues

Skill      XL: |  1  2  3  4 |
---------------+-------------+-----
Axes           | 4 5 6 |  6.1
Fighting       | |  3.6
Armour         | |  2.4
Dodging        | |  2.1

Action                   |  1- 3 |  4- 6 || total
-------------------------+-------+-------++-------
Melee: Hand axe          |    95 |    26 ||   121
       Headbutt          |    14 |     2 ||    16
  Eat: Chunk             |     2 |       ||     2
Armor: Animal skin       |    14 |     2 ||    16
Dodge: Dodged            |    52 |    14 ||    66
